 Dungeon Crawl Stone Soup version 0.30-a0-310-g7d6cbdfea6 (webtiles) character file.

Game seed: 9851984918784983315

347 billz999 the Sneak (level 6, -1/41 HPs)
             Began as a Vampire Earth Elementalist on Oct 24, 2022.
             Shot with an arrow by a centaur (10 damage)
             ... on level 3 of the Dungeon.
             The game lasted 00:04:54 (2781 turns).

billz999 the Sneak (Vampire Earth Elementalist)     Turns: 2781, Time: 00:04:54

Health: -1/41      AC:  2    Str:  7    XL:     6   Next: 32%
Magic:  8/9        EV: 12    Int: 20    God:
Gold:   112        SH:  0    Dex: 14    Spells: 4/9 levels left

rFire   . . .      SeeInvis +    e - +2 dagger (venom)
rCold   . . .      Faith    .    (no shield)
rNeg    . . .      Spirit   .    a - +0 robe
rPois   .          Reflect  .    (no helmet)
rElec   .          Harm     .    (no cloak)
rCorr   .          Rampage  .    (no gloves)
Will    +....                    (no boots)
Stlth   ++++......               (no amulet)
HPRegen 0.46/turn                k - ring of willpower
MPRegen 0.11/turn                (no ring)

@: lethally poisoned (-1 -> -3), healing quickly
A: alive, fangs 3, see invisible, vampiric 2
a: Exsanguinate


You were on level 3 of the Dungeon.
You visited 1 branch of the dungeon, and saw 3 of its levels.

You collected 112 gold pieces.

Inventory:

Hand Weapons
 e - a +2 dagger of venom (weapon)
Missiles
 c - 2 boomerangs
 d - a throwing net
Armour
 a - a +0 robe (worn)
Jewellery
 k - a ring of willpower (left hand)
Wands
 o - a wand of flame (10)
Scrolls
 f - 4 scrolls of teleportation
 g - 2 scrolls of identify {unknown}
 h - a scroll of summoning {unknown}
 i - a scroll of enchant armour {unknown}
 j - 2 scrolls of amnesia {unknown}
 m - a scroll of fog {unknown}
 p - a scroll of fear {unknown}
Potions
 b - 2 potions of magic
 l - 2 potions of curing {unknown}
 n - 3 potions of might {unknown}


   Skills:
 - Level 2.1 Dodging
 - Level 7.4 Stealth
 + Level 2.4 Spellcasting
 * Level 4.6 Transmutations
 + Level 3.3 Earth Magic


You had 4 spell levels left.
You knew the following spells:

 Your Spells              Type           Power      Damage    Failure   Level
a - Sandblast             Erth           30%        2d9       3%          1
b - Petrify               Tmut/Erth      18%        N/A       28%         4

Your spell library contained the following spells:

 Spells                   Type           Power      Damage    Failure   Level
 Passwall                 Tmut/Erth      15%        N/A       4%          2
 Necrotise                Necr           8%         1d4       16%         1
 Stone Arrow              Conj/Erth      18%        3d8       22%         3
 Dazzling Flash           Conj/Hex       4%         N/A       41%         3
 Vampiric Draining        Necr           2%         2d6       41%         3
 Iskenderun's Mystic Bla  Conj/Tloc      2%         2d3       83%         4
 Agony                    Necr           2%         N/A       99%         5
 Starburst                Conj/Fire      1%         6d3       100%        6


Dungeon Overview and Level Annotations

Branches:
Dungeon (3/15)

Altars:


Innate Abilities, Weirdness & Mutations

Your natural rate of healing is accelerated.
You have razor-sharp teeth.
You have supernaturally acute eyesight. (SInv)
You are afflicted with vampirism and can become a bat while bloodless.


Message History

You hit the adder but do no damage.
The adder is poisoned.
Your bite misses the adder. The adder barely misses you.
You hit the adder.
The adder looks as sick as possible!
The adder is lightly wounded.
The adder bites you.
You are poisoned.
The adder poisons you!
You closely miss the adder. You bite the adder.
The adder is moderately wounded.
You feel sick. The adder closely misses you. The adder barely misses you.
You closely miss the adder.
The adder is heavily wounded.
You feel sick. The adder bites you but does no damage.
Your magical contamination has completely faded away.
You barely miss the adder.
The adder is heavily wounded.
You feel sick. The adder bites you.
You hit the adder.
The adder is almost dead.
You feel sick. The adder bites you. The adder barely misses you.
You closely miss the adder. Your punch misses the adder.
The adder is almost dead.
You feel sick.
You are no longer poisoned.
The adder bites you.
You are poisoned.
The adder poisons you!
Unknown command.
You barely miss the adder.
The adder is almost dead.
You feel sick. The adder bites you.
You hit the adder but do no damage. Your bite misses the adder.
The adder is almost dead.
You feel sick.
You kill the adder!
The centaur wields a +0 shortbow.
The centaur shoots an arrow.
The arrow hits you!
* * * LOW HITPOINT WARNING * * *
The centaur shoots an arrow.
The arrow hits you!
You die...

#.# #....####.......##..).....
#.#####......##.......##........
#.#...................###...###.
#...####.#######.####.# #.......
###.##.#.##...##.# #.# #....)..
#.#..#..##'##..# #.# #.......
#.#)##....#....# #. #.......
#.#..##[......##w.# ........
#.#...'......@†cS.# ##...^..
#.#..##.......##..#
.#.##....#....## #
###...........#
..................
######.....######.. +#...#+
##.## #.#


You could see a centaur, a dart slug and a ball python.

Vanquished Creatures
  Sigmund (D:2)
  An orc priest (D:3)
  Ijyb (D:3)
  4 adders
  A worm (D:3)
  3 dart slugs
  3 orcs (D:3)
  11 endoplasms
  5 giant cockroaches
  6 goblins
  7 hobgoblins
  3 quokkas
  6 ball pythons
  7 bats
  7 frilled lizards
  2 kobolds
  9 rats
77 creatures vanquished.

Vanquished Creatures (others)
  An orc wizard (D:3)
  A plant (D:1)
2 creatures vanquished.

Grand Total: 79 creatures vanquished

Notes
Turn   | Place    | Note
-------+----------+-------------------------------------------
     0 | D:1      | billz999 the Vampire Earth Elementalist began the quest for
                  | the Orb.
     0 | D:1      | Reached XP level 1. HP: 13/13 MP: 3/3
   163 | D:1      | Reached XP level 2. HP: 19/19 MP: 0/5
   906 | D:1      | Gained mutation: You are afflicted with vampirism and can
                  | become a bat while bloodless. [Vampire growth]
   906 | D:1      | Reached XP level 3. HP: 24/24 MP: 1/6
   998 | D:1      | Reached skill level 4 in Stealth
  1627 | D:2      | Noticed Sigmund
  1634 | D:2      | Killed Sigmund
  1635 | D:2      | Reached skill level 7 in Stealth
  1635 | D:2      | Reached XP level 4. HP: 19/30 MP: 1/7
  1635 | D:2      | Reached XP level 5. HP: 22/35 MP: 1/8
  1752 | D:2      | Learned a level 4 spell: Petrify
  2373 | D:3      | Reached XP level 6. HP: 36/41 MP: 0/9
  2474 | D:3      | Noticed Ijyb
  2484 | D:3      | Killed Ijyb
  2781 | D:3      | Shot with an arrow by a centaur

Illustrated notes

Levels and vault maps discovered:
D:1:      dpeg_cavernosity, layout_basic, st_stairs_12, serial_bayou_pond_b
D:2:      layout_loops_ring, uniq_sigmund
D:3:      layout_basic, minmay_misc_feat_cross, minmay_pentangle, uniq_ijyb

Skill      XL: |  1  2  3 |
---------------+----------+-----
Transmutations | 2 4 |  4.6
Stealth        | 7 |  7.4
Dodging        | |  2.1
Spellcasting   | |  2.4
Earth Magic    | |  3.3

Action                   |  1- 3 |  4- 6 || total
-------------------------+-------+-------++-------
Melee: Unarmed           |     7 |       ||     7
       Bite              |     1 |     6 ||     7
       Dagger            |    11 |    43 ||    54
 Cast: Sandblast         |    51 |    27 ||    78
  Use: Scroll            |       |     1 ||     1
 Stab: Sleeping          |     3 |     5 ||     8
Armor: Robe              |    10 |    10 ||    20
Dodge: Dodged            |    23 |    24 ||    47

Table legend: (Time is in decaauts)
 A = Elapsed time spent in this place.
 B = Non-inter-level travel time spent in this place.
 C = Inter-level travel time spent in this place.
 D = Time resting spent in this place.
 E = Time spent auto-exploring this place.
 F = Levels seen in this place.
 G = Mean time per level.
                   A        B        C        D        E       F      G
               +--------+--------+--------+--------+--------+-----+--------+
         Total |   2820 |   2755 |     65 |    225 |   2083 |   3 |  940.0 |
       Dungeon |   2820 |   2755 |     65 |    225 |   2083 |   3 |  940.0 |
               +--------+--------+--------+--------+--------+-----+--------+

Top non-repeatable levels by time:
     D:1: 1549 daAuts
     D:2: 712 daAuts
     D:3: 558 daAuts
